 Dungeon Crawl Stone Soup version 0.28-a0-1080-g05a166d0ed (webtiles) character file.

Game seed: 7532383848172301609

198904 leviel the Slayer (level 18, 0/274 HPs)
             Began as a Hill Orc Fighter on Dec 9, 2021.
             Was the Champion of the Shining One.
             Succumbed to a naga mage's bolt of poison
             ... on level 4 of the Snake Pit.
             The game lasted 01:01:41 (30297 turns).

leviel the Slayer (Hill Orc Fighter)               Turns: 30297, Time: 01:01:41

Health: 0/274      AC: 29    Str: 29    XL:     18   Next: 90%
Magic:  0/24       EV: -1    Int: 13    God:    the Shining One [******]
Gold:   974        SH: 15    Dex: 16    Spells: 17/17 levels left

rFire   . . .      SeeInvis .   o - +8 broad axe of Luag {flame, rN+ Str+4}
rCold   + + .      Faith    .   L - +1 buckler {rC+}
rNeg    + + +      Spirit   .   (armour currently unavailable)
rPois   +          Reflect  +   (helmet currently unavailable)
rElec   .          Harm     .   (cloak currently unavailable)
rCorr   .          Rampage  .   (gloves currently unavailable)
Will    +++..      NoTele   +   (boots currently unavailable)
Stlth   +.........              n - amulet "Cuud" {Reflect Dex+2 SH+5}
HPRegen 0.55/turn               Z - ring of the Mage {Wiz Will++ Int+3}
MPRegen 0.19/turn               T - ring of the Raven {rPois rC+ rN+ Dex+4}

@: lethally poisoned (0 -> -6), tree-form, slowed, glowing, constricted, very
slow
A: stationary, stasis, torment immunity, boosted hp
a: Renounce Religion, Divine Shield, Cleansing Flame, Summon Divine Warrior,
Brand Weapon With Holy Wrath


You were on level 4 of the Snake Pit.
You worshipped the Shining One.
The Shining One was exalted by your worship.
You were a tree.
You visited 5 branches of the dungeon, and saw 26 of its levels.
You also visited: Bailey, Gauntlet and Ice Cave.

You collected 2504 gold pieces.
You spent 1530 gold pieces at shops.

Inventory:

Hand Weapons
 o - the +8 broad axe of Luag (weapon) {flame, rN+ Str+4}
   (You found it on level 4 of the Dungeon)

   It burns those it strikes, dealing additional fire damage.
   Big, fiery blades are also staple armaments of hydra-hunters.
   Str:       It affects your strength (+4).
   rN:        It protects you from negative energy.
 r - a +3 falchion of holy wrath
Missiles
 e - 5 curare-tipped darts
 k - 66 poisoned darts (quivered)
 v - 5 throwing nets
 Y - 4 silver javelins
Armour
 h - a +1 plate armour (melded)
 B - a +0 helmet (melded)
 G - a +0 cloak (melded)
 H - a +5 tower shield of cold resistance
 L - a +1 buckler of cold resistance (worn)
 R - a +0 pair of gloves (melded)
 U - the +1 pair of boots of the Fifty Spreadsheets (melded) {*Slow +Blink Regen+ rCorr}
   (You found it in a Gauntlet)

   +Blink:    It lets you blink.
   Regen:     It increases your rate of health regeneration.
   rCorr:     It protects you from acid and corrosion.
   *Slow:     It may slow you when you take damage.
Jewellery
 n - the amulet "Cuud" (around neck) {Reflect Dex+2 SH+5}
   (You bought it in a shop on level 2 of the Orcish Mines)

   [amulet of reflection]

   It reflects blocked missile attacks.
   Dex:       It affects your dexterity (+2).
   SH:        It affects your SH (+5).
 w - an amulet of regeneration
 E - a ring of positive energy
 T - the ring of the Raven (right branch) {rPois rC+ rN+ Dex+4}
   (You found it in a Gauntlet)

   [ring of protection from cold]

   Dex:       It affects your dexterity (+4).
   rC:        It protects you from cold.
   rPois:     It protects you from poison.
   rN:        It protects you from negative energy.
 Z - the ring of the Mage (left branch) {Wiz Will++ Int+3}
   (You took it off a minotaur in a Gauntlet)

   [ring of wizardry]

   It improves your spell success rate.
   Int:       It affects your intelligence (+3).
   Will:      It greatly increases your willpower.
Wands
 g - a wand of mindburst (4)
 l - a wand of iceblast (40)
 D - a wand of paralysis (15)
 F - a wand of flame (4)
 J - a wand of digging (9)
Scrolls
 c - a scroll of blinking
 f - 10 scrolls of teleportation
 m - 2 scrolls of magic mapping
 p - 5 scrolls of silence
 s - 7 scrolls of fog
 u - 4 scrolls of holy word {unknown}
 y - 5 scrolls of fear
 A - 8 scrolls of identify {@r1}
 K - a scroll of summoning
 M - 4 scrolls of enchant weapon {@r3}
 N - 2 scrolls of brand weapon
 Q - 2 scrolls of amnesia
Potions
 d - a potion of lignification
 j - 6 potions of curing
 q - 2 potions of magic
 t - 4 potions of brilliance
 x - 7 potions of might
 z - a potion of cancellation
 C - 4 potions of invisibility
 O - a potion of flight {unknown}
 P - 2 potions of haste
 V - a potion of resistance
Miscellaneous
 a - a box of beasts
 b - a phial of floods
 I - a phantom mirror


   Skills:
 - Level 21.6 Fighting
 - Level 4.4 Long Blades
 - Level 18.0 Axes
 - Level 10.5 Armour
 + Level 19.7 Shields
 - Level 9.0 Invocations


You had 17 spell levels left.
You didn't know any spells.
Your spell library contained the following spells:

 Spells                   Type           Power      Damage    Failure   Level
 Apportation              Tloc           0%         N/A       12%         1
 Beastly Appendage        Tmut           0%         N/A       12%         1
 Pain                     Necr           0%         1d4       12%         1
 Sandblast                Erth           0%         2d4       12%         1
 Corpse Rot               Necr/Air       0%         N/A       19%         2
 Static Discharge         Conj/Air       0%         N/A       19%         2
 Sublimation of Blood     Necr           0%         N/A       19%         2
 Wereblood                Tmut           0%         N/A       19%         2
 Dazzling Flash           Conj/Hex       0%         N/A       34%         3
 Gell's Gravitas          Tloc           0%         N/A       34%         3
 Spider Form              Tmut/Pois      0%         N/A       34%         3
 Stone Arrow              Conj/Erth      0%         3d7       34%         3
 Summon Guardian Golem    Hex/Summ       0%         N/A       34%         3
 Teleport Other           Tloc           0%         N/A       34%         3
 Vampiric Draining        Necr           0%         2d6       34%         3
 Dispel Undead            Necr           0%         3d6       73%         4
 Fulminant Prism          Conj/Hex       0%         3d6       73%         4
 Hailstorm                Conj/Ice       0%         3d3       73%         4
 Ice Form                 Ice/Tmut       0%         N/A       73%         4
 Iskenderun's Mystic Bla  Conj/Tloc      0%         2d3       73%         4
 Petrify                  Tmut/Erth      0%         N/A       73%         4
 Sticky Flame             Conj/Fire      0%         2d3       73%         4
 Agony                    Necr           0%         N/A       96%         5
 Alistair's Intoxication  Tmut/Pois      0%         N/A       96%         5
 Borgnjor's Vile Clutch   Necr/Erth      0%         N/A       96%         5
 Excruciating Wounds      Necr           0%         N/A       96%         5
 Lee's Rapid Deconstruct  Erth           0%         3d5*      96%         5
 Metabolic Englaciation   Hex/Ice        0%         N/A       96%         5
 Silence                  Hex/Air        0%         N/A       96%         5
 Dispersal                Tloc           0%         N/A       100%        6
 Simulacrum               Ice/Necr       0%         N/A       100%        6
 Statue Form              Tmut/Erth      0%         N/A       100%        6
 Orb of Destruction       Conj           0%         N/A       100%        7
 Spellforged Servitor     Conj/Summ      0%         N/A       100%        7
 Storm Form               Tmut/Air       0%         N/A       100%        7


Dungeon Overview and Level Annotations

Branches:
Dungeon (13/15)            Temple (1/1) D:7            Lair (6/6) D:11
 Shoals (0/4) Lair:3        Snake (4/4) Lair:4        Slime (0/5) Lair:5
    Orc (2/2) D:9             Elf (0/3) Orc:2        Bailey (visited)
  IceCv (visited)         Gauntlet (visited)
 Vaults: D:13-14

Altars:
Ashenzari
Cheibriados
Dithmenos
Elyvilon
Fedhas
Gozag
Hepliaklqana
Kikubaaqudgha
Makhleb
Nemelex Xobeh
Okawaru
Qazlal
Ru
Sif Muna
Trog
Uskayaw
Vehumet
Wu Jian
Xom
Yredelemnul
Zin
The Shining One
Beogh

Shops:
D:5 ?   D:10 *   Orc:2 ****   Snake:3 [:

Annotations:
Lair:6 exclusion: oklob plant


Message History

You feel as though you will be slow longer.
You feel much better.
You feel extremely sick. You block the black mamba's attack.
You block the mana viper's attack.
The black mamba bites you but does no damage.
The naga mage points at you and mumbles some strange words.
The bolt of poison hits you.
You are lethally poisoned!
You resist.
* * * LOW HITPOINT WARNING * * *
The naga ritualist hits you but does no damage.
The naga ritualist constricts you. You block the mana viper's attack.
The naga hits you with a +0 glaive!
* * * LOW HITPOINT WARNING * * *
The black mamba bites you but does no damage.
The naga mage hits you but does no damage.
The naga ritualist hits you but does no damage.
The naga ritualist constricts you.
You feel better. You block the black mamba's attack. The mana viper bites you.
* * * LOW HITPOINT WARNING * * *
You feel your power leaking away. The naga mage casts a spell at you.
The bolt of poison hits you.
You are lethally poisoned!
You resist.
* * * LOW HITPOINT WARNING * * *
You block the naga's attack.
The black mamba bites you but does no damage.
The mana viper bites you but does no damage.
The naga ritualist hits you but does no damage.
The naga ritualist constricts you. You block the naga mage's attack.
The black mamba bites you.
* * * LOW HITPOINT WARNING * * *
The naga hits you but does no damage.
You barely miss the black mamba.
The black mamba is almost dead.
You hit the naga ritualist. You burn the naga ritualist.
You slash the mana viper! You burn the mana viper. You hit the naga.
You burn the naga. You hit the naga mage but do no damage.
You die...

..## .. ####...##
... #..#....#
?... ##.......##
....##.........#
.....#...........
.........#.......
........†.# ....
......N♣S.##.....
......NSN..#.....
......(..........
.....#...........
.#..#..#.[.......
#.....#.(.....##.
.....#....##..#
..........# .....
.........# ....


You could see a naga ritualist, a mana viper, a black mamba (curare), a naga
mage (fast) and a naga (curare, catching breath).

Vanquished Creatures
  Donald (Snake:4)
  Aizul (Snake:3)
  A minotaur (Gauntlet)
  A dire elephant (Lair:6)
  A fire dragon (Lair:6)
  2 catoblepae (Lair:6)
  11 naga warriors
  5 hydras
  2 ironbound frosthearts (IceCv)
  12 anacondas
  A boulder beetle (D:11)
  2 centaur warriors
  5 two-headed ogres
  20 death yaks
  4 orc high priests (Orc:2)
  A thrashing horror (Gauntlet)
  2 shock serpents
  6 naga sharpshooters
  Sonja (Orc:1)
  A fire crab (Lair:6)
  2 salamander mystics
  3 naga ritualists (Snake:1)
  A swamp dragon (Lair:6)
  10 mana vipers
  2 orc knights (Orc:1)
  2 ugly things
  An oklob plant (Lair:5)
  A lindwurm (Lair:6)
  3 cyclopes
  8 salamanders
  4 orc sorcerers
  3 manticores
  3 guardian serpents
  15 elephants
  A rust devil (Gauntlet)
  An ice statue (IceCv)
  5 naga magi
  28 black mambas
  A torpor snail (Lair:6)
  23 cane toads
  2 unseen horrors
  10 rime drakes
  10 komodo dragons
  2 death yak skeletons (IceCv)
  3 meliai (Gauntlet)
  A wind drake (Lair:3)
  11 polar bears
  A hornet (D:8)
  7 trolls
  5 slime creatures (D:12)
  9 blink frogs
  6 shadows
  7 wyverns
  A ynoxinul (Gauntlet)
  85 yaks
  Grum (Lair:1)
  Eustachio (D:5)
  5 steam dragons
  3 basilisks
  23 nagas
  5 wargs
  An ogre zombie (D:9)
  2 acid dragons
  26 water moccasins
  3 black bears
  2 human skeletons
  2 swamp drakes (Lair:6)
  An ice beast (D:8)
  2 two-headed ogre skeletons (D:9)
  3 sky beasts
  23 orc warriors
  A necrophage (D:6)
  33 wolves
  A manticore skeleton (D:10)
  8 ogres
  A centaur (D:13)
  2 rime drake zombies (IceCv)
  4 small abominations (Gauntlet)
  8 gnoll sergeants (Bailey)
  3 kobold brigands
  15 bullfrogs
  A scorpion (D:6)
  3 wyvern zombies
  7 rime drake skeletons (IceCv)
  2 two-headed ogre simulacra (D:11)
  2 wyvern skeletons
  A water moccasin zombie (D:5)
  A yak zombie (D:9)
  A polar bear zombie (IceCv)
  41 killer bees
  3 polar bear skeletons (IceCv)
  A troll skeleton (D:9)
  8 wights
  3 electric eels
  4 howler monkeys
  4 wolf skeletons (IceCv)
  A bullfrog zombie (D:5)
  3 hounds
  29 orc priests
  8 centaur zombies
  2 jellies
  3 centaur skeletons
  6 gnoll shamans (Bailey)
  2 iron imps (Gauntlet)
  7 iguanas
  A kobold skeleton (D:10)
  32 orc wizards
  A spriggan simulacrum (D:11)
  An acid dragon zombie (D:12)
  2 hound skeletons (Bailey)
  Robin (D:2)
  A howler monkey skeleton (D:7)
  3 howler monkey zombies
  10 adders
  36 gnolls
  7 gnoll zombies
  An orc zombie (D:9)
  A naga simulacrum (D:11)
  4 orc skeletons
  3 shadow imps
  2 white imps (D:7)
  An adder skeleton (D:4)
  3 adder zombies
  4 worms
  78 orcs
  4 ball pythons
  5 endoplasms
  15 goblins
  6 hobgoblins
  13 jackals
  2 quokkas
  A ball python skeleton (D:10)
  4 bats
  5 frilled lizards
  5 gnoll skeletons (Bailey)
  A goblin zombie (D:9)
  20 kobolds
  5 rats
  A bush (Lair:6)
958 creatures vanquished.

Vanquished Creatures (others)
  A naga mage (Snake:3)
  A raiju (Gauntlet)
  A yak (IceCv)
  4 demonic plants (Gauntlet)
  27 fungi
  56 plants
90 creatures vanquished.

Grand Total: 1048 creatures vanquished

Notes
Turn   | Place    | Note
-------+----------+-------------------------------------------
     0 | D:1      | leviel the Hill Orc Fighter began the quest for the Orb.
     0 | D:1      | Reached XP level 1. HP: 19/19 MP: 1/1
   115 | D:1      | Reached XP level 2. HP: 16/27 MP: 2/2
   589 | D:2      | Noticed a howler monkey
   765 | D:2      | Killed a howler monkey
   766 | D:2      | Reached skill level 4 in Fighting
   766 | D:2      | Reached XP level 3. HP: 16/33 MP: 3/3
   958 | D:2      | Reached XP level 4. HP: 34/40 MP: 4/4
  1884 | D:2      | Noticed Robin
  1899 | D:2      | Reached XP level 5. HP: 25/47 MP: 5/5
  1908 | D:2      | Killed Robin
  2094 | D:2      | Found a radiant altar of Vehumet.
  2276 | D:3      | Found a faded altar of an unknown god.
  2289 | D:3      | Prayed at the altar of an unknown god.
  2289 | D:3      | Became a worshipper of Kikubaaqudgha
  2289 | D:3      | Reached * piety under Kikubaaqudgha
  2289 | D:3      | Received a gift from Kikubaaqudgha
  3152 | D:4      | Reached skill level 5 in Fighting
  3183 | D:4      | Reached XP level 6. HP: 36/56 MP: 6/6
  3337 | D:4      | Reached ** piety under Kikubaaqudgha
  3591 | D:4      | Reached skill level 5 in Armour
  3625 | D:4      | Identified the +8 broad axe of Luag {flame, rN+ Str+4}
  3649 | D:4      | Reached skill level 1 in Axes
  3684 | D:4      | Reached XP level 7. HP: 54/61 MP: 7/7
  4049 | D:5      | Entered Level 5 of the Dungeon
  4079 | D:5      | Noticed Eustachio
  4087 | D:5      | Killed Eustachio
  4088 | D:5      | Reached skill level 5 in Axes
  4175 | D:5      | Found Bob Idgha's Magic Scroll Shop.
  4632 | D:5      | Reached XP level 8. HP: 69/69 MP: 8/8
  4733 | D:5      | Reached *** piety under Kikubaaqudgha
  4733 | D:5      | Received a gift from Kikubaaqudgha
  5453 | D:5      | Bought a scroll of identify for 28 gold pieces
  5453 | D:5      | Bought a scroll of fog for 28 gold pieces
  5453 | D:5      | Bought a scroll of fear for 49 gold pieces
  5453 | D:5      | Bought a scroll of identify for 28 gold pieces
  5555 | D:6      | Noticed a yak
  5555 | D:6      | Noticed a yak
  5555 | D:6      | Noticed a yak
  5555 | D:6      | Noticed a yak
  5591 | D:5      | Killed a yak
  5648 | D:5      | Killed a yak
  5777 | D:6      | Noticed a troll
  5786 | D:6      | Reached XP level 9. HP: 68/74 MP: 9/9
  5809 | D:6      | Killed a troll
  6053 | D:6      | Reached skill level 10 in Axes
  6173 | D:7      | Reached **** piety under Kikubaaqudgha
  6653 | D:7      | Reached skill level 10 in Armour
  6818 | D:7      | Reached XP level 10. HP: 61/82 MP: 10/10
  6825 | D:7      | Found a staircase to the Ecumenical Temple.
  6836 | Temple   | Entered the Ecumenical Temple
  7318 | Temple   | Fell from the grace of Kikubaaqudgha
  7318 | Temple   | Became a worshipper of the Shining One
  8508 | D:8      | Reached * piety under the Shining One
  8826 | D:8      | Reached skill level 15 in Axes
  9297 | D:8      | HP: 2/77 [poisoned by a hornet]
  9601 | D:8      | Reached XP level 11. HP: 84/88 MP: 11/11
 10236 | D:9      | Noticed a two-headed ogre
 10250 | D:9      | Killed a two-headed ogre
 10359 | D:9      | Found a white marble altar of Elyvilon.
 10749 | D:9      | Noticed an orc sorcerer
 10756 | D:9      | Killed an orc sorcerer
 10882 | D:9      | Found a staircase to the Orcish Mines.
 11373 | D:10     | Entered Level 10 of the Dungeon
 11423 | D:10     | Found a flagged portal.
 11435 | Bailey   | Entered a bailey
 11582 | Bailey   | Reached ** piety under the Shining One
 13185 | D:10     | Reached skill level 6 in Fighting
 13217 | D:10     | Found Asoicing's Assorted Antiques.
 13432 | D:10     | You fall into a shaft and drop 3 floors!
 13551 | D:12     | Noticed a centaur warrior
 13559 | D:12     | Killed a centaur warrior
 13560 | D:12     | Reached skill level 7 in Fighting
 13624 | D:12     | Reached *** piety under the Shining One
 13634 | D:12     | Reached skill level 8 in Fighting
 13641 | D:12     | Reached skill level 9 in Fighting
 13786 | D:12     | Noticed a cyclops
 13791 | D:12     | Killed a cyclops
 13845 | D:12     | Noticed a cyan ugly thing
 13851 | D:12     | Killed a cyan ugly thing
 13852 | D:12     | Reached XP level 12. HP: 106/106 MP: 12/12
 13926 | D:11     | Reached skill level 10 in Fighting
 13951 | D:11     | Found a frozen archway.
 13963 | IceCv    | Entered an ice cave
 14259 | IceCv    | Reached skill level 11 in Fighting
 14394 | IceCv    | Reached skill level 5 in Shields
 14490 | IceCv    | Reached skill level 12 in Fighting
 14576 | IceCv    | Reached **** piety under the Shining One
 14941 | IceCv    | Noticed a death yak
 14941 | IceCv    | Noticed a death yak
 14941 | IceCv    | Noticed an ironbound frostheart
 14942 | IceCv    | Noticed a death yak
 14971 | IceCv    | Killed an ironbound frostheart
 14978 | IceCv    | Killed a death yak
 14979 | IceCv    | Reached skill level 13 in Fighting
 14996 | IceCv    | Noticed a death yak
 14999 | IceCv    | Noticed an ironbound frostheart
 15008 | IceCv    | Killed a death yak
 15012 | IceCv    | Reached XP level 13. HP: 76/122 MP: 13/13
 15460 | IceCv    | Was forgiven by Kikubaaqudgha
 16019 | D:10     | Reached skill level 14 in Fighting
 16566 | D:10     | Found a roughly hewn altar of Beogh.
 16818 | D:11     | Reached skill level 10 in Shields
 17508 | D:11     | Found a staircase to the Lair.
 17530 | Lair:1   | Entered Level 1 of the Lair of Beasts
 17742 | Lair:1   | Noticed Grum
 17761 | Lair:1   | Reached skill level 15 in Fighting
 17762 | Lair:1   | Killed Grum
 19047 | Lair:2   | Reached XP level 14. HP: 110/136 MP: 14/14
 19323 | Lair:2   | Reached skill level 16 in Fighting
 19869 | Lair:3   | Found a staircase to the Shoals.
 21080 | Lair:4   | Found a gate leading to a gauntlet.
 21088 | Gauntlet | Entered a Gauntlet
 21088 | Gauntlet | Found a transporter.
 21095 | Gauntlet | Found a transporter.
 21098 | Gauntlet | Found a transporter.
 21099 | Gauntlet | Found a transporter.
 21103 | Gauntlet | Found a runed translucent door.
 21105 | Gauntlet | Found a runed translucent door.
 21107 | Gauntlet | Found a transporter.
 21110 | Gauntlet | Found a transporter.
 21111 | Gauntlet | Found a transporter.
 21115 | Gauntlet | Found a runed translucent door.
 21116 | Gauntlet | Found a runed translucent door.
 21119 | Gauntlet | Found a transporter.
 21122 | Gauntlet | Found a transporter.
 21123 | Gauntlet | Found a transporter.
 21131 | Gauntlet | Found a transporter.
 21134 | Gauntlet | Found a transporter.
 21135 | Gauntlet | Found a transporter.
 21138 | Gauntlet | Reached ***** piety under the Shining One
 21152 | Gauntlet | Found a transporter.
 21482 | Gauntlet | Reached skill level 17 in Fighting
 21486 | Gauntlet | Identified the ring of the Raven {rPois rC+ rN+ Dex+4}
 21701 | Gauntlet | Identified the +1 pair of boots of the Fifty Spreadsheets
                  | {*Slow +Blink Regen+ rCorr}
 21725 | Gauntlet | Identified the +4 morningstar "Toezyek" {venom, Int+4}
 21734 | Gauntlet | HP: 5/140 [minotaur (20)]
 21746 | Gauntlet | Identified the +2 long sword "Hydrabane" {vorpal, Fly}
 22192 | Lair:4   | Found a staircase to the Snake Pit.
 22882 | Lair:5   | Found a staircase to the Slime Pits.
 23024 | Lair:5   | Reached skill level 18 in Fighting
 23092 | Lair:5   | Reached XP level 15. HP: 141/149 MP: 15/15
 23409 | Lair:6   | Entered Level 6 of the Lair of Beasts
 23621 | Lair:6   | Reached skill level 15 in Shields
 23770 | Lair:6   | Reached skill level 19 in Fighting
 24251 | Lair:6   | Got the Incunabulum of the Mountains and Shape Shifting
 24919 | Lair:6   | Reached XP level 16. HP: 162/162 MP: 15/21
 24920 | Lair:6   | Reached skill level 20 in Fighting
 24920 | Lair:6   | Reached XP level 17. HP: 170/170 MP: 18/23
 25156 | Orc:1    | Entered Level 1 of the Orcish Mines
 25160 | Orc:1    | Noticed Sonja
 25165 | Orc:1    | Killed Sonja
 25421 | Orc:1    | Found a roughly hewn altar of Beogh.
 25574 | Orc:2    | Entered Level 2 of the Orcish Mines
 25629 | Orc:2    | Found a staircase to the Elven Halls.
 25715 | Orc:2    | Reached ****** piety under the Shining One
 25743 | Orc:2    | Reached XP level 18. HP: 126/179 MP: 24/24
 25759 | Orc:2    | Found Okhajaa's Assorted Antiques.
 25759 | Orc:2    | Found Kyvvir's Assorted Antiques.
 25760 | Orc:2    | Found Ykesaastropp's Assorted Antiques.
 25779 | Orc:2    | Found Paraaple's Assorted Antiques.
 25846 | Orc:2    | Bought a shimmering brass amulet for 180 gold pieces
 25846 | Orc:2    | Identified the amulet "Cuud" {Reflect Dex+2 SH+5} (You
                  | bought it in a shop on level 2 of the Orcish Mines)
 25941 | Orc:2    | Found a roughly hewn altar of Beogh.
 26799 | Snake:1  | Entered Level 1 of the Snake Pit
 27188 | Snake:1  | Reached skill level 21 in Fighting
 28453 | Snake:2  | HP: 9/183 [salamander (15)]
 29494 | Snake:3  | Found Dufuz's Book Shop.
 29496 | Snake:3  | Found Yneize's Magic Scroll Boutique.
 29499 | Snake:3  | Found Nag Uwk's Antique Armour Shop.
 29504 | Snake:3  | Bought 3 scrolls of identify for 90 gold pieces
 29504 | Snake:3  | Bought a scroll of enchant weapon for 112 gold pieces
 29504 | Snake:3  | Bought a scroll of enchant weapon for 112 gold pieces
 29504 | Snake:3  | Bought a scroll of teleportation for 45 gold pieces
 29504 | Snake:3  | Bought a scroll of silence for 112 gold pieces
 29504 | Snake:3  | Bought a scroll of enchant weapon for 112 gold pieces
 29504 | Snake:3  | Bought a scroll of fear for 52 gold pieces
 29504 | Snake:3  | Bought a scroll of fear for 52 gold pieces
 29504 | Snake:3  | Bought a scroll of identify for 30 gold pieces
 29504 | Snake:3  | Bought a scroll of magic mapping for 52 gold pieces
 29526 | Snake:3  | Bought an embroidered scarf for 224 gold pieces
 29526 | Snake:3  | Bought an embroidered scarf for 224 gold pieces
 30137 | Snake:4  | Entered Level 4 of the Snake Pit
 30137 | Snake:4  | Noticed Donald
 30144 | Snake:4  | Noticed Aizul
 30150 | Snake:4  | Killed Donald
 30172 | Snake:3  | Killed Aizul
 30294 | Snake:4  | HP: 7/274 [black mamba (7)]
 30294 | Snake:4  | HP: 1/274 [asphyx]
 30297 | Snake:4  | Succumbed to a naga mage's bolt of poison

Illustrated notes

Levels and vault maps discovered:
D:1:      mushboom_english_gardens, layout_rooms,
          nicolae_concentric_dashed_squares_wild
D:2:      wad_crossroads, layout_basic, basic_altar, uniq_robin
D:3:      kennysheep_big_flooded_room, layout_basic,
          nicolae_ecumenical_pavilion, hangedman_decor_push
D:4:      layout_loops_ring
D:5:      lemuel_castle_with_subvaults [lemuel_castle_interior_carwin_1],
          layout_basic, serial_shops, nicolae_inconvenience_store,
          uniq_eustachio
D:6:      minmay_chambers_of_fours, layout_cave_pods, serial_shops,
          nicolae_square_shop
D:7:      layout_layer_cave, minmay_temple_entry_butterflies,
          hangedman_minor_gate_pass
D:8:      argonaut_augean_stables, layout_cave_pods, columned_hall_lemuel
D:9:      nicolae_BIG_FREAKIN_CUBE, layout_long_grid, mainiacjoe_overflow_paths,
          solitary_fountain, minmay_librarian
D:10:     layout_cave_pods, serial_shops,
          nicolae_shop_temple_entry_statues_fountains, special_room
          [special_room_orc], enter_bailey_3, minmay_bent
D:11:     layout_layer_cave, david_lair_shrubbed,
          portal_ice_cave_entry_ice_simulacra
D:12:     layout_stronghold
D:13:     layout_stronghold, erik_vaults_1
Temple:   mainiacjoe_temple_circle_huts
Lair:1:   wad_woods_minihive, layout_regular_city, grunt_megastairs_5, uniq_grum
Lair:2:   layout_chaotic_city, serial_bayou_pond_b
Lair:3:   layout_chaotic_city, minmay_shoals_entry_beasts,
          nicolae_quartered_pool_impasse
Lair:4:   layout_cave_pods, minmay_snake_entry_six_corridors,
          gauntlet_entry_generic
Lair:5:   layout_big_grid, minmay_slime_entry_oklob_open, lemuel_fruit_tree
Lair:6:   guppyfry_lair_end_dragon, layout_long_grid, hangedman_lair_in_review,
          serial_bayou_shore_a, infiniplex_staircase_pool_2
Snake:1:  layout_onion_interference, grunt_megastairs_2
Snake:2:  layout_grid_shapes, grunt_megastairs_3
Snake:3:  layout_grid_maze, minmay_shop_star
Snake:4:  johnstein_snake_rune_scales, layout_onion, uniq_aizul, uniq_donald
Orc:1:    layout_diamond_mine, basic_altar, uniq_sonja
Orc:2:    st_orc_mages, layout_caves, mines2_david

Skill      XL: |  1  2  3  4  5  6  7  8  9 10 11 12 13 14 15 16 17 18 |
---------------+-------------------------------------------------------+-----
Fighting       | 4 5 9 13 15 18 19 20 21 | 21.6
Long Blades    | 3 4 |  4.4
Armour         | 4 5 8 10 | 10.5
Shields        | 4 8 11 14 16 19 | 19.7
Axes           | 2 6 9 11 15 18 | 18.0
Invocations    | 7 9 |  9.0

Action                   |  1- 3 |  4- 6 |  7- 9 | 10-12 | 13-15 | 16-18 || total
-------------------------+-------+-------+-------+-------+-------+-------++-------
Melee: Long sword        |    60 |   261 |       |       |       |       ||   321
       Broad axe         |       |     5 |   201 |   505 |   726 |   478 ||  1915
Evoke: Wand              |       |       |       |     1 |       |       ||     1
  Use: Potion            |     1 |       |       |     5 |     9 |    10 ||    25
       Scroll            |       |     4 |     5 |    12 |    12 |     1 ||    34
Armor: Scale mail        |    21 |   125 |       |       |       |       ||   146
       Plate armour      |       |    38 |   100 |   223 |   346 |   180 ||   887
       Skin              |       |       |       |     1 |       |    14 ||    15
Dodge: Dodged            |    23 |   111 |    74 |   143 |   182 |   103 ||   636
Block: Buckler           |    14 |    63 |    40 |    81 |   194 |   346 ||   738
       Reflection        |       |       |       |       |       |    28 ||    28

Table legend: (Time is in decaauts)
 A = Elapsed time spent in this place.
 B = Non-inter-level travel time spent in this place.
 C = Inter-level travel time spent in this place.
 D = Time resting spent in this place.
 E = Time spent auto-exploring this place.
 F = Levels seen in this place.
 G = Mean time per level.
                   A        B        C        D        E       F      G
               +--------+--------+--------+--------+--------+-----+--------+
         Total |  30047 |  28872 |   1175 |   5940 |  17732 |  29 | 1036.1 |
       Dungeon |  14222 |  13629 |    593 |   2687 |   8646 |  13 | 1094.0 |
        Temple |    503 |    392 |    111 |      0 |    357 |   1 |  503.0 |
          Lair |   6682 |   6394 |    288 |    723 |   4630 |   6 | 1113.7 |
     Snake Pit |   3420 |   3356 |     64 |    471 |   2284 |   4 |  855.0 |
  Orcish Mines |   1186 |   1067 |    119 |     55 |    775 |   2 |  593.0 |
        Bailey |   1325 |   1325 |      0 |    803 |    308 |   1 | 1325.0 |
      Ice Cave |   1883 |   1883 |      0 |    935 |    434 |   1 | 1883.0 |
      Gauntlet |    822 |    822 |      0 |    266 |    296 |   1 |  822.0 |
               +--------+--------+--------+--------+--------+-----+--------+

Top non-repeatable levels by time:
   IceCv: 1883 daAuts
     D:7: 1801 daAuts
     D:8: 1759 daAuts
     D:2: 1640 daAuts
     D:5: 1620 daAuts
  Lair:6: 1454 daAuts
    D:10: 1428 daAuts
  Lair:1: 1421 daAuts
 Snake:3: 1342 daAuts
     D:9: 1335 daAuts
  Bailey: 1325 daAuts
  Lair:3: 1259 daAuts
 Snake:2: 1037 daAuts
    D:11: 1025 daAuts
 Snake:1: 997 daAuts
